 Dungeon Crawl Stone Soup version 0.30-a0-305-g026cb31310 (webtiles) character file.

Game seed: 14009169785878158881

24 ryw the Trooper (level 2, -3/24 HPs)
             Began as a Demonspawn Monk on Oct 21, 2022.
             Succumbed to a gnoll's poison
             ... on level 1 of the Dungeon.
             The game lasted 00:00:55 (566 turns).

ryw the Trooper (Demonspawn Monk)                    Turns: 566, Time: 00:00:56

Health: -3/24      AC:  2    Str: 11    XL:     2   Next: 79%
Magic:  4/4        EV: 12    Int: 11    God:
Gold:   60         SH:  0    Dex: 15    Spells: 3/3 levels left

rFire   . . .      SeeInvis .      - Unarmed
rCold   . . .      Faith    .    (no shield)
rNeg    . . .      Spirit   .    a - +0 robe
rPois   .          Reflect  .    (no helmet)
rElec   .          Harm     .    (no cloak)
rCorr   .          Rampage  .    (no gloves)
Will    .....                    (no boots)
Stlth   ++........               (no amulet)
HPRegen 0.24/turn                (no ring)
MPRegen 0.09/turn                (no ring)

@: lethally poisoned (-3 -> -41)
A: demonic magic 1
a: no special abilities


You were on level 1 of the Dungeon.
You visited 1 branch of the dungeon, and saw 1 of its levels.

You collected 60 gold pieces.

Inventory:

Armour
 a - a +0 robe (worn)


   Skills:
 - Level 3.6 Fighting
 - Level 2.6 Dodging
 - Level 1.7 Stealth
 - Level 2.6 Unarmed Combat
 + Level 1.3 Spellcasting


You had 3 spell levels left.
You didn't know any spells.
Your spell library was empty.

Dungeon Overview and Level Annotations

Branches:
Dungeon (1/15)

Altars:


Innate Abilities, Weirdness & Mutations

Spells you cast may paralyse adjacent enemies.


Message History

The endoplasm freezes you.
You are frozen.
You hit the endoplasm.
The endoplasm is almost dead.
The endoplasm completely misses you.
You hit the endoplasm.
You kill the endoplasm!
No target in view!
No target in view!
Magic restored.
A gnoll comes into view. It is wielding a +2 spear of venom.
The gnoll shouts!
The gnoll hits you from afar with a +2 spear of venom.
The gnoll hits you with a +2 spear of venom.
You are poisoned.
You hit the gnoll but do no damage.
You feel very sick. The gnoll barely misses you.
You are confused.
You feel invigorated.
You feel very sick.
The gnoll hits you with a +2 spear of venom.
You are lethally poisoned!
You closely miss the gnoll.
You feel sick.
The gnoll hits you with a +2 spear of venom.
* * * LOW HITPOINT WARNING * * *
You are more poisoned.
It was a potion of heal wounds.
You feel much better.
You feel very sick.
The gnoll hits you with a +2 spear of venom.
You are more poisoned.
You hit the gnoll but do no damage.
You feel less invigorated.
You feel less confused.
You feel very sick.
The gnoll hits you with a +2 spear of venom!
* * * LOW HITPOINT WARNING * * *
You are more poisoned.
You hit the gnoll.
The gnoll is lightly wounded.
You die...

#.....#
#..........
#.....#
#..........
#.....#
#..........
########
#.......... #.
#.......... #..
##..........
#...#...#.######
#.....###.#
#...#.@# ..
##?###.g...# #.
......# #
.......#
........#
#........#
#........#
#........#


You could see a gnoll.

Vanquished Creatures
  A dart slug (D:1)
  An endoplasm (D:1)
  2 giant cockroaches (D:1)
  3 goblins (D:1)
  3 hobgoblins (D:1)
  2 quokkas (D:1)
  3 ball pythons (D:1)
  A bat (D:1)
  2 frilled lizards (D:1)
  A kobold (D:1)
  A rat (D:1)
20 creatures vanquished.

Notes
Turn   | Place    | Note
-------+----------+-------------------------------------------
     0 | D:1      | ryw the Demonspawn Monk began the quest for the Orb.
     0 | D:1      | Reached XP level 1. HP: 18/18 MP: 1/1
   198 | D:1      | Gained mutation: Spells you cast may paralyse adjacent
                  | enemies. [demonic ancestry]
   198 | D:1      | Reached XP level 2. HP: 24/24 MP: 2/2
   326 | D:1      | Reached skill level 1 in Spellcasting
   566 | D:1      | Succumbed to a gnoll's poison

Illustrated notes

Levels and vault maps discovered:
D:1:      erik_arrival_triangle_huge, layout_basic, minmay_pentomino_r2

Skill      XL: |  1  2 |
---------------+-------+-----
Spellcasting   | 1 |  1.3
Fighting       | |  3.6
Dodging        | |  2.6
Stealth        | |  1.7
Unarmed Combat | |  2.6

Action                   || total
-------------------------++-------
Melee: Unarmed           ||    92
       Punch             ||     4
  Use: Potion            ||     2
 Stab: Sleeping          ||     4
Armor: Robe              ||    15
Dodge: Dodged            ||    41

Table legend: (Time is in decaauts)
 A = Elapsed time spent in this place.
 B = Non-inter-level travel time spent in this place.
 C = Inter-level travel time spent in this place.
 D = Time resting spent in this place.
 E = Time spent auto-exploring this place.
 F = Levels seen in this place.
 G = Mean time per level.
                   A        B        C        D        E       F      G
               +--------+--------+--------+--------+--------+-----+--------+
         Total |    562 |    562 |      0 |     83 |    325 |   1 |  562.0 |
       Dungeon |    562 |    562 |      0 |     83 |    325 |   1 |  562.0 |
               +--------+--------+--------+--------+--------+-----+--------+

Top non-repeatable levels by time:
     D:1: 562 daAuts
